[Event "DVM U10 2024"]
[Site "Duesseldorf"]
[Date "2024.12.27"]
[Round "1"]
[White "Baasch, Julius"]
[Black "Gerigk, Maximilian"]
[Result "1/2-1/2"]
[ECO "C50"]
[WhiteElo "774"]
[BlackElo "823"]
[Annotator "NA RC"]
[PlyCount "91"]
[EventDate "2024.12.23"]
[EventType "team-tourn"]
[EventRounds "7"]
[EventCountry "GER"]
[SourceTitle "playchess.com"]
[Source "ChessBase"]
[SourceQuality "1"]
[TimeControl "3300+5"]

1. e4 e5 2. Nf3 Nc6 3. Bc4 Nf6 4. Nc3 Bc5 5. d3 d6 6. O-O O-O 7. Be3 Bxe3 8. fxe3 Bg4 9. h3 Bxf3 10. Qxf3 Ne7 11. Nd5 c6 12. Nxf6+ gxf6 13. Qxf6 Qe8 14. Qxd6 Rd8 15. Qxe5 Ng6 16. Qa5 a6 17. Qb6 Rb8 18. Rf2 Qe5 19. Raf1 Nh8 20. Qd4 Rbe8 21. Qxe5 Rxe5 22. Rf5 Re7 23. Rg5+ Ng6 24. b4 h6 25. Rh5 Kg7 26. Rhf5 Ne5 27. a4 Nxc4 28. dxc4 Rxe4 29. Rc5 b6 30. Rxc6 Rb8 31. a5 bxa5 32. bxa5 Ra8 33. Rcf6 Re7 34. c5 Rc8 35. Rxa6 Rxc5 36. Rc1 Rxe3 37. Ra8 Rcc3 38. a6 Ra3 39. a7 Rec3 40. Rd1 Rxc2 41. Rd7 Rca2 42. Kh2 Kf6 43. Rh8 Ke6 44. a8=Q Rxa8 45. Rxa8 Rxa8 46. Rd2 1/2-1/2

[Event "DVM U10 2024"]
[Site "Duesseldorf"]
[Date "2024.12.27"]
[Round "1"]
[White "Mätz, Mark"]
[Black "Klages, Justus"]
[Result "0-1"]
[ECO "B40"]
[WhiteElo "767"]
[BlackElo "972"]
[Annotator "NA RC"]
[PlyCount "72"]
[EventDate "2024.12.23"]
[EventType "team-tourn"]
[EventRounds "7"]
[EventCountry "GER"]
[SourceTitle "playchess.com"]
[Source "ChessBase"]
[SourceQuality "1"]
[TimeControl "3300+5"]

1. e4 c5 2. Nf3 e6 3. Nc3 a6 4. d3 Nc6 5. g3 Qc7 6. Bf4 Qd8 7. Bg2 b5 8. O-O Bb7 9. e5 Qc7 10. d4 b4 11. Ne2 Nge7 12. dxc5 Nd5 13. Bg5 Bxc5 14. c4 Nde7 15. Bf4 Ng6 16. Bg5 Ngxe5 17. Nxe5 Nxe5 18. Bf4 Bxg2 19. Kxg2 O-O 20. Re1 Qc6+ 21. Kg1 Nf3+ 22. Kf1 Nxe1 23. Qxe1 Qh1+ 24. Ng1 Qxh2 25. Rd1 Rfd8 26. Bc7 Rf8 27. Rxd7 Rac8 28. Nf3 Qh3+ 29. Kg1 e5 30. Bxe5 Qxd7 31. Qe4 Qh3 32. Ng5 Qh5 33. Qf4 Rcd8 34. Nf3 Rd1+ 35. Ne1 Rxe1+ 36. Kg2 Qh1# 0-1